Map: Jagannatha LE

Players

HeroMarine - Winner!

  • Race: Terran Terran
  • League: Grandmaster
  • Spawn Location: 7:00

Krystianer

  • Race: Protoss Protoss
  • League: Grandmaster
  • Spawn Location: 1:00

Event: DreamHack SC2 Masters 2020 Winter

VOD

Have the link to the VOD?

Description

Time

  • Played on: Oct. 23, 2020, 12:57 p.m.
  • Length: 13:46

All games in this series

Show
View Real Time Build Order
Export as new Build Order

HeroMarine Terran - Winner!

Build Orders: Reaper Expand 

Get SALT Encoding   

  12  0:00  SCV  
  13  0:12  SCV  
  14  0:17  Supply Depot  
  14  0:24  SCV  
  15  0:38  SCV  
  15  0:40  Barracks  
  16  0:43  Refinery  
  16  0:50  SCV  
  17  1:02  SCV  
  18  1:15  SCV  
  19  1:27  Reaper, Orbital Command  
  20  1:40  Command Center  
  20  1:52  SCV, Supply Depot  
  21  1:59  Marine  
  22  2:05  SCV  
  23  2:08  Factory  
  23  2:14  Refinery  
  23  2:17  SCV  
  23  2:20  Barracks Reactor  
  24  2:29  SCV  
  25  2:41  SCV  
  26  2:53  SCV  
  26  2:54  Widow Mine, Starport  
  26  2:55  Orbital Command  
  29  2:58  Marine  
  29  2:59  Marine  
  29  3:05  SCV, Bunker  
  32  3:16  Marine x2, Factory Tech Lab  
  32  3:17  SCV  
  35  3:21  SCV  
  35  3:29  SCV  
  35  3:33  SCV  
  37  3:34  Marine x2  
  37  3:35  Cyclone  
  37  3:40  Medivac  
  44  3:41  SCV  
  44  3:45  SCV  
  46  3:56  Marine  
  46  3:58  Supply Depot  
  46  4:02  SCV, Marine  
  48  4:03  SCV  
  48  4:07  Cyclone  
  52  4:10  Viking  
  54  4:18  Supply Depot  
  54  4:19  SCV x2, Marine  
  54  4:20  Marine  
  54  4:22  Supply Depot  
  58  4:32  SCV x2  
  58  4:37  Marine  
  58  4:38  Marine  
  62  4:39  Cyclone  
  62  4:44  SCV x2, Viking  
  69  4:54  Supply Depot  
  69  4:56  SCV x2  
  69  4:58  Marine x2  
  73  5:08  SCV x2  
  75  5:16  Marine x2  
  75  5:18  Siege Tank  
  75  5:20  Viking, SCV x2  
  76  5:31  Bunker  
  76  5:32  Command Center  
  76  5:34  Marine  
  76  5:35  Bunker, Marine  
  76  5:44  SCV x2  
  76  5:45  Barracks  
  78  5:52  Marine, Siege Tank  
  78  5:53  Marine  
  78  5:56  SCV x2  
  85  5:58  Barracks  
  84  6:04  Refinery  
  84  6:06  Refinery  
  84  6:08  SCV x2, Starport Tech Lab  
  86  6:12  Engineering Bay x2  
  86  6:23  SCV x2  
  86  6:29  Marine  
  86  6:31  Marine  
  86  6:32  Supply Depot  
  86  6:35  SCV  
  86  6:37  SCV  
  86  6:41  Terran Infantry Weapons Level 1, Barracks, Terran Infantry Armor Level 1  
  86  6:43  Barracks  
  86  6:44  Siege Tank  
  86  6:47  SCV, Marine  
  89  6:49  SCV, Marine  
  89  6:50  Marine  
  89  6:51  Stimpack  
  89  6:52  Barracks Tech Lab  
  92  6:54  Orbital Command  
  92  6:59  SCV  
  93  7:01  SCV  
  93  7:06  Supply Depot  
  93  7:07  Supply Depot  
  94  7:09  Marine  
  94  7:10  Marine x3  
  94  7:11  SCV  
  97  7:17  SCV  
  97  7:20  Siege Tank  
  94  7:23  SCV  
  94  7:28  Marine x2  
  94  7:29  Orbital Command  
  100  7:30  SCV  
  100  7:33  Missile Turret  
  100  7:34  Barracks Reactor, Missile Turret, Barracks Tech Lab  
  95  7:37  SCV  
  95  7:38  Starport Reactor  
  95  7:42  SCV  
  92  7:46  Marauder  
  92  7:47  Marauder  
  92  7:49  SCV  
  92  7:51  Marine x2  
  96  7:54  SCV  
  96  7:57  SCV  
  99  8:02  SCV  
  99  8:05  Combat Shield, Supply Depot  
  100  8:06  SCV, Supply Depot  
  100  8:07  Concussive Shells, Siege Tank  
  100  8:09  SCV, Marauder  
  107  8:13  Missile Turret  
  107  8:15  SCV  
  107  8:16  Marine x2  
  107  8:18  SCV, Marine  
  112  8:22  SCV  
  112  8:23  Marauder  
  112  8:25  Marauder  
  117  8:27  SCV  
  117  8:28  Refinery  
  117  8:31  Medivac  
  117  8:32  Refinery  
  117  8:33  Medivac  
  121  8:38  SCV, Armory  
  124  8:42  Siege Tank  
  124  8:43  Marauder, Marine  
  124  8:44  Marine  
  124  8:47  Marauder  
  133  8:48  Marauder  
  133  8:50  Marine  
  133  8:51  Marine  
  135  9:02  Marine  
  135  9:03  Marine  
  135  9:04  Marauder  
  135  9:08  Marauder, Marine  
  141  9:14  Bunker  
  141  9:15  Supply Depot  
  141  9:16  Supply Depot  
  141  9:19  Supply Depot  
  141  9:24  Marine x2  
  141  9:27  Terran Infantry Armor Level 2, Terran Infantry Weapons Level 2  
  141  9:28  Marauder x2, Marine x2, Widow Mine  
  141  9:29  Supply Depot x2  
  149  9:35  Supply Depot, Sensor Tower  
  149  9:37  Supply Depot, Marauder  
  151  9:40  Command Center  
  151  9:44  Medivac x2  
  155  9:52  Marauder x2  
  159  9:56  Marine x2  
  159  9:58  Marauder  
  157  10:01  Marine x2  
  157  10:03  Siege Tank  
  148  10:13  Marauder x2  
  148  10:14  Viking x2, Marine x2  
  154  10:19  Terran Ship Weapons Level 1, Marine  
  157  10:25  SCV  
  157  10:26  SCV x2  
  160  10:36  Siege Tank  
  160  10:40  Drilling Claws  
  160  10:42  Marauder x2  
  167  10:43  Marine x2  
  167  10:44  Medivac x2, Barracks  
  167  10:45  Barracks  
  167  10:47  Barracks  
  167  10:48  Supply Depot  
  173  10:51  Marine x2  
  173  10:54  Marauder  
  177  11:00  Missile Turret  
  177  11:05  Marauder x2  
  179  11:13  Marine x3  
  179  11:15  Marauder  
  179  11:18  Planetary Fortress  
  184  11:20  Marine  
  184  11:25  SCV x3  
  184  11:26  Marauder, Marine  
  184  11:30  Widow Mine  
  189  11:35  Barracks Reactor, Barracks Tech Lab x2  
  189  11:37  Marauder  
  189  11:38  Ghost Academy  
  191  11:40  Marine  
  191  11:44  Marauder  
  194  11:48  Marauder  
  195  11:59  Liberator  
  198  12:08  Enhanced Shockwaves  
  198  12:11  Marine  
  198  12:12  Barracks Reactor, Refinery, Marine  
  198  12:13  Refinery, Command Center  
  199  12:39  Command Center  
  199  12:41  Command Center, Liberator  
  191  12:47  Marauder x2, Marine x2  
  191  12:48  Marauder, Marine x2  
  191  12:49  Marauder  
  191  12:54  Marauder  
  191  12:55  Widow Mine  
  191  12:56  Widow Mine  
  192  13:02  Marine x2  
  192  13:05  Marine  
  189  13:08  Ghost, Marauder  
  189  13:09  Ghost, Marine x3  
  189  13:10  Ghost  
  196  13:16  Marauder  
  189  13:20  Marine x2  
  189  13:24  Marine  
  189  13:27  Marine  
Show
View Real Time Build Order
Export as new Build Order

Krystianer Protoss 

Build Orders: 1 Gate Expand, Phoenix Opening 

Get SALT Encoding   

  12  0:00  Probe  
  13  0:12  Probe  
  14  0:17  Pylon  
  14  0:24  Probe (Chrono Boost)  
  16  0:36  Probe (Chrono Boost), Gateway  
  16  0:43  Probe (Chrono Boost)  
  16  0:46  Assimilator  
  17  0:50  Probe  
  18  1:03  Probe  
  19  1:15  Probe  
  20  1:22  Nexus  
  20  1:31  Cybernetics Core  
  20  1:35  Probe  
  20  1:39  Assimilator  
  22  1:47  Probe  
  22  1:49  Pylon  
  22  1:59  Probe  
  23  2:04  Adept (Chrono Boost)  
  25  2:11  Probe  
  25  2:13  Stargate  
  26  2:20  Warp Gate  
  26  2:23  Probe (Chrono Boost)  
  26  2:29  Adept  
  29  2:35  Probe x2 (Chrono Boost)  
  31  2:43  Probe x2 (Chrono Boost)  
  33  2:48  Probe (Chrono Boost)  
  33  2:49  Probe  
  34  2:56  Phoenix (Chrono Boost)  
  36  3:00  Probe  
  36  3:01  Probe  
  36  3:05  Adept  
  40  3:12  Probe  
  41  3:13  Probe  
  41  3:18  Pylon  
  41  3:19  Phoenix (Chrono Boost)  
  44  3:24  Probe  
  45  3:27  Probe  
  45  3:36  Probe, Phoenix (Chrono Boost)  
  45  3:39  Probe  
  49  3:43  Gateway  
  49  3:49  Probe, Assimilator  
  49  3:51  Assimilator  
  49  3:56  Phoenix (Chrono Boost)  
  49  4:00  Probe  
  49  4:01  Probe  
  53  4:04  Pylon  
  53  4:10  Robotics Facility  
  53  4:13  Probe  
  54  4:22  Probe, Phoenix  
  57  4:25  Probe, Pylon  
  58  4:34  Probe  
  59  4:43  Probe  
  60  4:46  Probe  
  61  4:56  Probe  
  61  4:57  Nexus  
  61  4:58  Pylon  
  62  5:01  Stalker x2  
  61  5:07  Probe  
  61  5:10  Probe  
  62  5:19  Probe  
  61  5:22  Probe  
  61  5:24  Immortal (Chrono Boost)  
  66  5:32  Probe, Stalker x2  
  66  5:34  Probe  
  72  5:41  Pylon  
  72  5:42  Pylon  
  70  5:50  Nexus  
  70  5:52  Pylon  
  70  5:56  Immortal (Chrono Boost)  
  70  5:58  Shield Battery  
  70  6:02  Sentry x2  
  78  6:07  Probe x2, Robotics Bay  
  80  6:19  Probe x2 (Chrono Boost)  
  82  6:31  Probe x2 (Chrono Boost)  
  84  6:36  Probe x2 (Chrono Boost), Observer  
  86  6:44  Twilight Council  
  86  6:45  Probe x2, Forge  
  86  6:49  Stalker x2  
  82  6:57  Probe  
  82  6:58  Probe  
  83  7:09  Probe  
  83  7:10  Probe  
  83  7:12  Stalker x2  
  89  7:18  Probe (Chrono Boost)  
  89  7:20  Colossus (Chrono Boost)  
  86  7:27  Probe x2 (Chrono Boost)  
  86  7:29  Probe (Chrono Boost), Charge (Chrono Boost), Protoss Ground Armor Level 1 (Chrono Boost)  
  93  7:35  Probe x2 (Chrono Boost)  
  96  7:46  Probe  
  96  7:47  Probe  
  96  7:49  Pylon  
  96  7:50  Gateway  
  95  7:52  Gateway  
  95  7:54  Gateway  
  95  8:00  Gateway  
  95  8:03  Templar Archives  
  95  8:04  Gateway x2, Colossus (Chrono Boost)  
  101  8:16  Pylon  
  101  8:17  Sentry, Zealot  
  105  8:30  Extended Thermal Lance  
  105  8:33  Probe x3, Pylon  
  105  8:34  Assimilator  
  108  8:37  Assimilator  
  108  8:41  Zealot x2  
  108  8:43  Pylon  
  108  8:45  Probe, Warp Prism (Chrono Boost)  
  114  8:51  Zealot x3  
  114  8:55  Pylon  
  120  8:58  High Templar x2  
  120  8:59  Zealot  
  120  9:02  Pylon  
  125  9:03  Zealot x2  
  125  9:04  Archon  
  129  9:13  Disruptor (Chrono Boost)  
  129  9:14  Stalker x2  
  129  9:16  Probe  
  134  9:20  Zealot  
  134  9:23  Zealot  
  135  9:25  Protoss Ground Weapons Level 1 (Chrono Boost)  
  135  9:32  Zealot x3  
  141  9:40  High Templar  
  141  9:41  Zealot x2, High Templar  
  141  9:43  Pylon  
  141  9:45  Archon  
  149  9:46  Zealot  
  141  10:00  Zealot x2  
  141  10:01  Zealot  
  121  10:11  Blink  
  121  10:12  Disruptor (Chrono Boost)  
  119  10:14  Nexus  
  119  10:16  Pylon, High Templar x2  
  119  10:17  Pylon, Zealot x4  
  119  10:19  Probe  
  129  10:23  Probe  
  127  10:29  Assimilator  
  127  10:33  Assimilator  
  127  10:35  Robotics Facility  
  127  10:38  Disruptor (Chrono Boost)  
  127  10:39  Probe  
  127  10:41  Probe  
  132  10:45  Probe  
  133  10:58  High Templar  
  133  10:59  Zealot, High Templar  
  133  11:00  Zealot x4  
  133  11:03  Archon x2  
  147  11:06  Stalker  
  147  11:09  Probe x2  
  154  11:11  Disruptor (Chrono Boost)  
  152  11:20  Zealot x3  
  154  11:31  Observer (Chrono Boost)  
  153  11:44  Observer (Chrono Boost)  
  153  11:45  Observer (Chrono Boost)  
  153  11:46  Stalker x4  
  161  11:47  Probe, Stalker  
  158  11:56  Zealot x3  
  158  11:58  Probe  
  158  12:00  Disruptor (Chrono Boost)  
  163  12:06  Probe, Forge  
  163  12:07  Pylon  
  167  12:15  Disruptor (Chrono Boost)  
  168  12:16  Zealot  
  168  12:19  Probe x2  
  172  12:27  Disruptor (Chrono Boost)  
  171  12:31  Zealot  
  171  12:32  Zealot x3  
  171  12:35  Stalker  
  177  12:39  Probe  
  174  12:46  Disruptor (Chrono Boost)  
  166  12:55  Zealot  
  166  12:56  Zealot x5  
  165  13:03  Zealot  
  159  13:06  Zealot  
  152  13:17  Zealot x3  
  144  13:21  Probe  
  144  13:26  Probe  
  110  13:35  Zealot x2  
Tags
 
Add a new tag
Caveats
  • Supply blocks, unpowered buildings, or Contaminate may cause inaccurate times.
  • Supply counts are checked every 10 seconds.